[Event "ICC tourney 2461 (45 10)"]
[Site "Internet Chess Club"]
[Date "2021.03.20"]
[Round "1"]
[White "HEBBAR, ESHAAN:solveur"]
[Black "PRIYADARSHI, VED:ved2006"]
[Result "1-0"]
[ICCResult "Black resigns"]
[WhiteElo "1611"]
[BlackElo "1695"]
[Opening "QGD Slav defense"]
[ECO "D10"]
[NIC "SL.01"]
[Time "11:02:01"]
[PlyCount "43"]
[TimeControl "2700+10"]

1. d4 d5 2. c4 c6 3. Nc3 Nf6 4. Bf4 Bf5 5. Qb3 Qb6 6. c5 Qxb3 7. axb3 Nbd7
8. Nf3 h6 9. h3 e6 10. b4 Be7 11. e3 O-O 12. b5 Rfd8 13. bxc6 bxc6 14. Ba6
Rab8 15. Bxb8 Rxb8 16. Ra2 Ne4 17. O-O Nxc3 18. bxc3 Rb3 19. Bc8 Nf6 20.
Rxa7 Bd8 21. Ne5 Rb8 22. Ba6 { Black resigns } 1-0

[Event "ICC tourney 2461 (45 10)"]
[Site "Internet Chess Club"]
[Date "2021.03.20"]
[Round "1"]
[White "CHANDRANI, SHLOK JAYESH:jack2212"]
[Black "LIAO, CONNOR:che2468"]
[Result "1-0"]
[ICCResult "Black checkmated"]
[WhiteElo "1650"]
[BlackElo "1508"]
[Opening "QGD Slav defense: exchange variation"]
[ECO "D10"]
[NIC "SL.01"]
[Time "11:02:04"]
[PlyCount "107"]
[TimeControl "2700+10"]

1. d4 d5 2. c4 c6 3. cxd5 cxd5 4. Bg5 Nf6 5. Bxf6 exf6 6. Nc3 Nc6 7. e3 Be6
8. Nge2 Be7 9. Nf4 O-O 10. Bd3 Qd7 11. Nfxd5 Bxd5 12. Qh5 g6 13. Qxd5 Qg4
14. Qf3 Qe6 15. d5 Qd6 16. dxc6 Qxd3 17. cxb7 Rab8 18. Qe4 Qxe4 19. Nxe4
Rxb7 20. b3 Bb4+ 21. Ke2 f5 22. Nd2 Rc7 23. Rac1 Rfc8 24. Rxc7 Rxc7 25. Nc4
Kg7 26. Rd1 a5 27. a4 h5 28. Rd5 Ra7 29. Rb5 Kh6 30. h3 h4 31. Kf3 Ra6 32.
Rd5 f6 33. Ke2 Kg7 34. Rd7+ Kf8 35. f3 g5 36. Rd5 f4 37. exf4 Re6+ 38. Kd3
gxf4 39. Rf5 Bd6 40. Nxd6 Rxd6+ 41. Kc4 Rb6 42. Rxa5 Rc6+ 43. Kd3 Rb6 44.
Rb5 Rd6+ 45. Ke4 Rd2 46. Kxf4 Rxg2 47. b4 Rg3 48. a5 Rxh3 49. a6 Rh1 50. a7
Kg7 51. a8=Q h3 52. Rb7+ Kg6 53. Qg8+ Kh6 54. Rh7# { Black checkmated } 1-0

[Event "ICC tourney 2461 (45 10)"]
[Site "Internet Chess Club"]
[Date "2021.03.20"]
[Round "1"]
[White "PHADKE, VIRAJ SHARAD:virajphadke"]
[Black "TREUSDELL, ROSS G:IveDoneEnough"]
[Result "0-1"]
[ICCResult "White resigns"]
[WhiteElo "1666"]
[BlackElo "1564"]
[Opening "King's Indian: Andersson variation"]
[ECO "E92"]
[NIC "KI.18"]
[Time "11:02:33"]
[PlyCount "106"]
[TimeControl "2700+10"]

1. d4 Nf6 2. c4 g6 3. Nc3 Bg7 4. e4 d6 5. Nf3 O-O 6. Be2 e5 7. dxe5 dxe5 8.
Qxd8 Rxd8 9. Bg5 Re8 10. Rd1 Nbd7 11. O-O a6 12. Nd2 Nc5 13. b4 Ne6 14.
Bxf6 Bxf6 15. Nd5 Bd8 16. Bg4 c6 17. Bxe6 cxd5 18. Bxd5 Rb8 19. h3 a5 20.
a3 Bd7 21. b5 Be7 22. a4 Bb4 23. f3 Be6 24. Nb3 Bxd5 25. exd5 Rbc8 26. Rc1
b6 27. Rfd1 f5 28. Nd2 e4 29. fxe4 fxe4 30. d6 Rcd8 31. c5 bxc5 32. Nc4 e3
33. Nxe3 Rxe3 34. b6 Ree8 35. d7 Re6 36. Rc4 Rxb6 37. Re4 Kf7 38. Rf1+ Rf6
39. Rd1 Re6 40. Rf1+ Ke7 41. Rh4 h5 42. Rhf4 Kxd7 43. Rd1+ Kc8 44. Rdf1 Rd7
45. Rf8+ Kc7 46. Ra8 Kb7 47. Rff8 Kc6 48. Rfc8+ Kd5 49. Rab8 Rc6 50. Re8 c4
51. Kf2 c3 52. Rb5+ Rc5 53. Rb6 c2 { White resigns } 0-1

[Event "ICC tourney 2461 (45 10)"]
[Site "Internet Chess Club"]
[Date "2021.03.20"]
[Round "1"]
[White "WU, JONATHAN ZUANXU:wulovechess"]
[Black "BRUDNO, STEPHEN:StevChess01"]
[Result "0-1"]
[ICCResult "White resigns"]
[WhiteElo "1542"]
[BlackElo "1652"]
[Opening "Sicilian: O'Kelly variation"]
[ECO "B28"]
[NIC "SI.43"]
[Time "11:02:10"]
[PlyCount "112"]
[TimeControl "2700+10"]

1. e4 c5 2. Nf3 a6 3. d4 cxd4 4. Nxd4 Nf6 5. Nc3 e5 6. Nb3 Bb4 7. Bd2 d6 8.
Bd3 Bg4 9. f3 Be6 10. a3 Bxc3 11. Bxc3 Qb6 12. Be2 Bxb3 13. cxb3 O-O 14.
Qc2 Nc6 15. O-O-O Rfd8 16. Kb1 Rac8 17. Rd3 Nd4 18. Bxd4 Qxd4 19. Qxc8
Qxd3+ 20. Bxd3 Rxc8 21. Rc1 Rxc1+ 22. Kxc1 d5 23. Kd2 d4 24. Bc4 Kf8 25.
Kd3 Ke7 26. f4 exf4 27. Kxd4 g5 28. e5 Ng4 29. h3 Ne3 30. Bd5 Nxd5 31. Kxd5
h5 32. b4 b5 33. b3 Kd7 34. a4 Ke7 35. e6 fxe6+ 36. Ke5 g4 37. hxg4 hxg4
38. Kxf4 Kf6 39. Ke4 e5 40. g3 Ke6 41. a5 Kf6 42. Ke3 Kf5 43. Kd3 Kf6 44.
Ke3 Ke6 45. Ke4 Kd6 46. Kf5 Kd5 47. Kxg4 Ke4 48. Kh4 Kf3 49. g4 e4 50. Kh5
e3 51. g5 e2 52. g6 e1=Q 53. Kh6 Qh4+ 54. Kg7 Kf4 55. Kf7 Qh5 56. Kg7 Kf5 {
White resigns } 0-1

[Event "ICC tourney 2461 (45 10)"]
[Site "Internet Chess Club"]
[Date "2021.03.20"]
[Round "1"]
[White "LIAO, CAITLIN:che8642"]
[Black "Patel, Arav:APBrain"]
[Result "0-1"]
[ICCResult "White checkmated"]
[WhiteElo "1566"]
[BlackElo "1669"]
[Opening "Queen's pawn: Chigorin variation"]
[ECO "D00"]
[NIC "QP.08"]
[Time "11:02:10"]
[PlyCount "94"]
[TimeControl "2700+10"]

1. d4 d5 2. Nc3 Nf6 3. Bf4 Bf5 4. f3 e6 5. e3 Bd6 6. Bxd6 cxd6 7. g4 Bg6 8.
h4 h6 9. Bd3 Bxd3 10. Qxd3 Nc6 11. a3 a6 12. Kf2 e5 13. dxe5 dxe5 14. Rd1
e4 15. fxe4 Nxg4+ 16. Ke2 Nce5 17. Qxd5 Qf6 18. Rf1 Qxf1+ 19. Kxf1 Nxe3+
20. Kf2 Nxd5 21. exd5 O-O-O 22. Nge2 Ng4+ 23. Kf3 Ne5+ 24. Kf2 Nc4 25. Rg1
g6 26. Rb1 Rhe8 27. Nf4 g5 28. hxg5 hxg5 29. Nd3 Ne3 30. Rg1 f6 31. Kf3
Nxc2 32. Ne4 Nd4+ 33. Kg4 f5+ 34. Kh3 g4+ 35. Kh2 fxe4 36. Nf4 Nf3+ 37. Kg2
Nxg1 38. Kxg1 e3 39. Kf1 Rf8 40. Ke2 Rxf4 41. Kxe3 Rdf8 42. Ke2 g3 43. Kd2
g2 44. Ke2 Rd4 45. Ke3 Rxd5 46. Ke2 g1=Q 47. b4 Qf2# { White checkmated }
0-1

[Event "ICC tourney 2461 (45 10)"]
[Site "Internet Chess Club"]
[Date "2021.03.20"]
[Round "1"]
[White "EVANS, SERENA:SerenaE"]
[Black "THOMAS, MICHAEL G:chesslin"]
[Result "0-1"]
[ICCResult "White checkmated"]
[WhiteElo "1616"]
[BlackElo "1790"]
[Opening "Robatsch (modern) defense"]
[ECO "B06"]
[NIC "KF.06"]
[Time "11:02:33"]
[PlyCount "128"]
[TimeControl "2700+10"]

1. e4 g6 2. Nf3 Bg7 3. d4 c5 4. dxc5 Nc6 5. c4 Nf6 6. Nc3 Qa5 7. Bd2 Qxc5
8. Be2 Qd6 9. O-O Qb8 10. Rc1 Ng4 11. h3 h5 12. hxg4 hxg4 13. g3 gxf3 14.
Bxf3 d6 15. Bg2 Be6 16. b3 Qc8 17. Bf4 Bh3 18. Re1 Bxg2 19. Kxg2 Qh3+ 20.
Kf3 Nd4+ 21. Ke3 e5 22. Bg5 f6 23. Rh1 Qxh1 24. Qxh1 Rxh1 25. Rxh1 fxg5 26.
Ne2 Kf7 27. Nxd4 exd4+ 28. Kd3 Rh8 29. Rf1 Rh3 30. Ke2 g4 31. a4 Ke6 32.
Rg1 Rh2 33. Rf1 Be5 34. Kd3 a5 35. b4 axb4 36. Rb1 Kd7 37. Rxb4 Kc6 38. a5
Rxf2 39. Rb6+ Kc7 40. Rb5 Rf3+ 41. Ke2 Rc3 42. Rb4 Rxg3 43. Ra4 d3+ 44. Kd2
Rf3 45. Rb4 g3 46. Rb1 Kc6 47. Rb6+ Kc5 48. Rb5+ Kc6 49. Rb6+ Kc7 50. Rb1
g2 51. Rg1 Rg3 52. a6 bxa6 53. Kd1 Bd4 54. Re1 g1=Q 55. Rxg1 Rxg1+ 56. Kd2
Rg3 57. e5 dxe5 58. c5 Kc6 59. Kd1 e4 60. Kd2 Rg2+ 61. Kc1 Rb2 62. Kd1 e3
63. Kc1 Bc3 64. Kd1 Rb1# { White checkmated } 0-1

[Event "ICC tourney 2461 (45 10)"]
[Site "Internet Chess Club"]
[Date "2021.03.20"]
[Round "1"]
[White "VISHWA, SUSHEEL:sushivishwa"]
[Black "Lu, Samuel:chess-soccer"]
[Result "1-0"]
[ICCResult "Black checkmated"]
[WhiteElo "1750"]
[BlackElo "1615"]
[Opening "Sicilian: Grand Prix attack"]
[ECO "B23"]
[NIC "SI.44"]
[Time "11:02:19"]
[PlyCount "73"]
[TimeControl "2700+10"]

1. e4 c5 2. Nc3 Nc6 3. f4 e6 4. Bc4 g6 5. Nf3 Bg7 6. O-O Nge7 7. d3 O-O 8.
Bb3 Nd4 9. e5 Nxf3+ 10. Rxf3 Nf5 11. Ne4 d5 12. Ng3 Nd4 13. Rf2 b5 14. c3
Nxb3 15. axb3 d4 16. Ne4 Qe7 17. b4 dxc3 18. bxc5 Bb7 19. Nd6 cxb2 20. Bxb2
a6 21. Bc3 Bd5 22. Ba5 Rfb8 23. d4 Qd7 24. Ra3 f6 25. Rh3 b4 26. Bb6 a5 27.
Qe1 Qc6 28. Rb2 Ra6 29. Qh4 h6 30. exf6 Bf8 31. f7+ Kh7 32. Ne8 Raxb6 33.
Qxh6+ Bxh6 34. Rxh6+ Kxh6 35. f8=Q+ Kh5 36. Nf6+ Kh4 37. Qh6# { Black
checkmated } 1-0

[Event "ICC tourney 2461 (45 10)"]
[Site "Internet Chess Club"]
[Date "2021.03.20"]
[Round "1"]
[White "Qiao, Ethan:CougarForest"]
[Black "AYYAPPAN, SANTHOSH:SanthoshA"]
[Result "1-0"]
[ICCResult "Black checkmated"]
[WhiteElo "1547"]
[BlackElo "1661"]
[Opening "Evans gambit: Cordel variation"]
[ECO "C51"]
[NIC "IG.05"]
[Time "11:02:05"]
[PlyCount "101"]
[TimeControl "2700+10"]

1. e4 e5 2. Nf3 Nc6 3. Bc4 Bc5 4. b4 Bxb4 5. c3 Be7 6. d4 Na5 7. Nxe5 Nxc4
8. Nxc4 d5 9. exd5 Qxd5 10. Ne3 Qd8 11. O-O Nf6 12. Nd2 O-O 13. Nf3 b6 14.
Ne5 Bb7 15. Re1 Nd5 16. Qb3 a5 17. Nxd5 Bxd5 18. c4 Bb7 19. d5 a4 20. Qe3
Bf6 21. Ba3 Re8 22. f4 Ba6 23. Qd3 Bxe5 24. Rxe5 Rxe5 25. fxe5 Qh4 26. Rc1
Re8 27. Bb2 Qf4 28. Qc3 Qg5 29. c5 Bb7 30. c6 Ba6 31. d6 Qd8 32. e6 f6 33.
d7 Rxe6 34. Re1 Rxe1+ 35. Qxe1 Kf7 36. Ba3 Bb5 37. Qb4 Bxc6 38. Qc4+ Kg6
39. Qxc6 Qg8 40. Qe4+ Kh6 41. Qe8 Qxa2 42. Bc1+ g5 43. d8=Q Qa1 44. Qf8+
Kg6 45. Qd3+ Kh5 46. Qd1+ Kh4 47. Bxg5+ Kxg5 48. Qxa1 f5 49. Qaf6+ Kg4 50.
Qxf5+ Kh4 51. g3# { Black checkmated } 1-0

[Event "ICC tourney 2461 (45 10)"]
[Site "Internet Chess Club"]
[Date "2021.03.20"]
[Round "1"]
[White "ZHANG, FRED:Fredzhang"]
[Black "VALE CRUZ, ARMIN:trucker"]
[Result "0-1"]
[ICCResult "White checkmated"]
[WhiteElo "1508"]
[BlackElo "1643"]
[Opening "Ponziani: Fraser defense"]
[ECO "C44"]
[NIC "KP.05"]
[Time "11:02:56"]
[PlyCount "132"]
[TimeControl "2700+10"]

1. e4 e5 2. Nf3 Nc6 3. c3 Nf6 4. d4 Nxe4 5. d5 Bc5 6. Be3 Bxe3 7. fxe3 Nb8
8. Qd3 f5 9. g3 d6 10. Nbd2 Nxd2 11. Qxd2 Nd7 12. Bg2 O-O 13. O-O a5 14. c4
b6 15. b3 Ba6 16. a4 Nc5 17. Qc2 Qe7 18. Rad1 Rae8 19. Rde1 Bc8 20. Kh1 Bd7
21. Kg1 g6 22. Nd2 Qg5 23. Nf3 Qh6 24. Nd2 e4 25. Re2 Qh5 26. Rff2 Nd3 27.
Nf1 g5 28. h3 Qg6 29. Kh1 h5 30. Nh2 Nxf2+ 31. Rxf2 Kh7 32. Nf1 Kh6 33. Nh2
Qg7 34. Nf1 Qe5 35. Qe2 c6 36. dxc6 Bxc6 37. Nd2 Qxg3 38. Kg1 f4 39. Rf1 f3
40. Qf2 Qxf2+ 41. Rxf2 fxg2 42. Rxg2 Bd7 43. Kh2 g4 44. hxg4 hxg4 45. Kg3
Kg5 46. Rh2 Bf5 47. Nf1 Rh8 48. Rg2 Rh3+ 49. Kf2 Rf3+ 50. Ke2 Rh8 51. Ng3
Rh3 52. Nxf5 Kxf5 53. Kd2 Rxe3 54. Rf2+ Ref3 55. Rxf3+ Rxf3 56. Ke2 g3 57.
c5 dxc5 58. b4 axb4 59. a5 bxa5 60. Kd2 g2 61. Kd1 g1=Q+ 62. Ke2 Qe3+ 63.
Kd1 Qd3+ 64. Kc1 Rf1+ 65. Kb2 Qc3+ 66. Ka2 Ra1# { White checkmated } 0-1

[Event "ICC tourney 2461 (45 10)"]
[Site "Internet Chess Club"]
[Date "2021.03.20"]
[Round "1"]
[White "Kumar, Agrim:agrimjax1"]
[Black "ZHANG, SUNNY:AboardBuffalo"]
[Result "0-1"]
[ICCResult "White checkmated"]
[WhiteElo "1509"]
[BlackElo "1650"]
[Opening "Giuoco Pianissimo: Canal variation"]
[ECO "C50"]
[NIC "IG.02"]
[Time "11:02:08"]
[PlyCount "134"]
[TimeControl "2700+10"]

1. e4 e5 2. Nf3 Nc6 3. Bc4 Bc5 4. d3 Nf6 5. Nc3 d6 6. Bg5 h6 7. Bxf6 Qxf6
8. Nd5 Qd8 9. a3 a6 10. Qe2 Bg4 11. c3 Ne7 12. h3 Bh5 13. g4 Bg6 14. Nh4
Bh7 15. Nf5 Bxf5 16. gxf5 Nxd5 17. Bxd5 c6 18. Ba2 Qg5 19. Qg4 Qxg4 20.
hxg4 Rd8 21. Ke2 d5 22. f3 Ke7 23. Rh3 f6 24. Re1 dxe4 25. fxe4 Rd6 26. Be6
a5 27. b4 axb4 28. axb4 Bb6 29. Ra1 Rdd8 30. Rh2 Ra8 31. Rxa8 Rxa8 32. Kf3
Ra1 33. Rc2 Rf1+ 34. Kg3 Be3 35. Bc8 b6 36. Bb7 Kd6 37. Ba6 Rd1 38. c4 Kc7
39. b5 Rxd3 40. bxc6 Bf4+ 41. Kh4 Kxc6 42. Kh5 Rg3 43. Bb5+ Kd6 44. Ra2 Bg5
45. Kg6 Rxg4 46. Kxg7 Rxe4 47. Ra7 Rf4 48. Bd7 Rxc4 49. Be6 Rc7+ 50. Rxc7
Kxc7 51. Kg6 Kd6 52. Kh5 e4 53. Kg4 e3 54. Kf3 b5 55. Ke2 h5 56. Bb3 h4 57.
Bc2 h3 58. Kf1 h2 59. Be4 b4 60. Ke2 b3 61. Kd3 Ke5 62. Bh1 b2 63. Ke2 b1=Q
64. Kf3 Qxh1+ 65. Kg3 Bf4+ 66. Kh3 Qf3+ 67. Kh4 Bg5# { White checkmated }
0-1

[Event "ICC tourney 2461 (45 10)"]
[Site "Internet Chess Club"]
[Date "2021.03.20"]
[Round "1"]
[White "TREY, JUSTIN:Torsten936"]
[Black "Kashyap, Mahati B:mnm1"]
[Result "1-0"]
[ICCResult "Black forfeits on time"]
[WhiteElo "1652"]
[BlackElo "1515"]
[Opening "QGD semi-Slav"]
[ECO "D43"]
[NIC "SL.06"]
[Time "11:02:05"]
[PlyCount "89"]
[TimeControl "2700+10"]

1. d4 d5 2. c4 e6 3. Nc3 c6 4. Nf3 Nf6 5. Bg5 Be7 6. e3 O-O 7. Bd3 dxc4 8.
Bxc4 Nbd7 9. O-O b5 10. Be2 Bb7 11. Rc1 a6 12. Qc2 c5 13. Rfd1 Qb6 14. Ne5
Bd6 15. Nxd7 Nxd7 16. Ne4 c4 17. Bf3 Bb4 18. a3 Ba5 19. Be7 Rfe8 20. Bc5
Nxc5 21. dxc5 Qa7 22. Rd7 Bxe4 23. Rxa7 Bxc2 24. Rxa8 Rxa8 25. Bxa8 Bb3 26.
Bb7 Kf8 27. Bxa6 Ba4 28. c6 Ke8 29. f4 Kd8 30. Rf1 Kc7 31. Bb7 Bd2 32. Kf2
Bc2 33. g4 h6 34. h4 f6 35. g5 hxg5 36. hxg5 Bd3 37. Rd1 Ba5 38. gxf6 gxf6
39. Rg1 c3 40. bxc3 Bxc3 41. Rg7+ Kb6 42. Ba8 f5 43. Rh7 Be4 44. c7 Bb7 45.
Rh6 { Black forfeits on time } 1-0

[Event "ICC tourney 2461 (45 10)"]
[Site "Internet Chess Club"]
[Date "2021.03.20"]
[Round "1"]
[White "WU, JAYDEN:SparkyNinja"]
[Black "NGUYEN, THOMAS:tn285"]
[Result "1-0"]
[ICCResult "Black resigns"]
[WhiteElo "1679"]
[BlackElo "1582"]
[Opening "Evans gambit: 5...Be7"]
[ECO "C51"]
[NIC "IG.05"]
[Time "11:02:41"]
[PlyCount "107"]
[TimeControl "2700+10"]

1. e4 e5 2. Nf3 Nc6 3. Bc4 Bc5 4. b4 Bxb4 5. c3 Be7 6. d4 d6 7. dxe5 Nxe5
8. Nxe5 dxe5 9. Qh5 g6 10. Qxe5 Nf6 11. Bh6 Rg8 12. Qb5+ c6 13. Qb3 Be6 14.
Bxe6 fxe6 15. Qxe6 Qd6 16. Qxd6 Bxd6 17. Nd2 O-O-O 18. Bg5 Rdf8 19. Bxf6
Rxf6 20. f3 Rd8 21. Nc4 Bc5 22. Ke2 b5 23. Nb2 Ba3 24. Nd3 Rfd6 25. Rad1 c5
26. Nf4 Bb2 27. Rxd6 Rxd6 28. Nd5 Rxd5 29. exd5 Bxc3 30. Kd3 Bd4 31. Re1
Kd7 32. Re6 a5 33. h4 Bf2 34. h5 c4+ 35. Kc2 gxh5 36. f4 a4 37. f5 b4 38.
Rc6 b3+ 39. Kb1 a3 40. f6 c3 41. axb3 Bd4 42. Ka2 c2 43. Rxc2 Bxf6 44. Rc6
Be7 45. Rh6 h4 46. Rxh7 Kd6 47. Kxa3 Bd8 48. Rh5 Kc5 49. b4+ Kb5 50. Kb3
Bf6 51. Rh6 Bg5 52. Rc6 h3 53. gxh3 Bf6 54. Rc5+ { Black resigns } 1-0

[Event "ICC tourney 2461 (45 10)"]
[Site "Internet Chess Club"]
[Date "2021.03.20"]
[Round "1"]
[White "ZHANG, RAYMOND TANGNING:DankMemer"]
[Black "Kashyap, Manish B:mnm2"]
[Result "1-0"]
[ICCResult "Black resigns"]
[WhiteElo "1654"]
[BlackElo "1547"]
[Opening "Queen's pawn, Mason variation"]
[ECO "D00"]
[NIC "QP.08"]
[Time "11:02:09"]
[PlyCount "109"]
[TimeControl "2700+10"]

1. d4 d5 2. Bf4 Nf6 3. e3 Bf5 4. c4 e6 5. Nc3 a6 6. Nf3 c5 7. Be2 Be7 8.
O-O dxc4 9. Bxc4 Nbd7 10. Re1 b5 11. e4 Bg4 12. e5 bxc4 13. exf6 Bxf6 14.
Ne4 O-O 15. dxc5 Bxb2 16. Rb1 c3 17. Bd6 Re8 18. Re3 Bf5 19. Nd4 Rc8 20. c6
Nb6 21. Bg3 Nc4 22. Re2 Bxe4 23. Rxe4 Nd2 24. Rh4 Nxb1 25. Qxb1 h6 26. Qe4
Qg5 27. h3 e5 28. Nf3 Qd8 29. Bxe5 f6 30. Qc4+ Kh8 31. Bxc3 Bxc3 32. Qxc3
Qb6 33. Rc4 Qb1+ 34. Kh2 Qb8+ 35. Kg1 Rc7 36. Nd4 Qd8 37. Qa5 Rc8 38. Qxa6
Re1+ 39. Kh2 Qd6+ 40. g3 Ree8 41. Qb7 Qc7 42. Qxc7 Rxc7 43. Nb5 Rcc8 44.
Nd6 Red8 45. Nxc8 Rxc8 46. a4 Kg8 47. a5 Kf7 48. a6 Ke6 49. c7 Kd6 50. a7
Kd7 51. Kg2 g5 52. g4 Kd6 53. a8=Q Rxa8 54. c8=Q Rxc8 55. Rxc8 { Black
resigns } 1-0

[Event "ICC tourney 2461 (45 10)"]
[Site "Internet Chess Club"]
[Date "2021.03.20"]
[Round "1"]
[White "XIONG, LANG:langlglang"]
[Black "Gong, Andrew:TheDude865"]
[Result "1/2-1/2"]
[ICCResult "White stalemated"]
[WhiteElo "1641"]
[BlackElo "1506"]
[Opening "Trompowsky attack (Ruth, Opocenský opening)"]
[ECO "A45"]
[NIC "QP.07"]
[Time "11:02:08"]
[PlyCount "190"]
[TimeControl "2700+10"]

1. d4 Nf6 2. Bg5 e6 3. e4 h6 4. Bxf6 Qxf6 5. Nf3 c5 6. c3 cxd4 7. cxd4 d5
8. e5 Qd8 9. Nc3 Be7 10. Bd3 Nc6 11. Rc1 Bd7 12. a3 Qb6 13. Na4 Qa5+ 14.
Nc3 Qb6 15. Na4 Qa5+ 16. Nc3 Qb6 17. Qe2 Nxd4 18. Nxd4 Qxd4 19. Nb5 Bxb5
20. Bxb5+ Kd8 21. O-O Rc8 22. Rxc8+ Kxc8 23. Rc1+ Kb8 24. Qc2 Qxe5 25. Bd7
a6 26. Qb3 Qd6 27. Bc6 Qc7 28. Rc2 Rc8 29. Bxd5 Qd7 30. Rxc8+ Qxc8 31. Bc4
Ka8 32. g3 Bc5 33. Be2 Qc6 34. Bf3 Qb6 35. Qc2 f5 36. b4 Bd4 37. Kg2 g5 38.
g4 f4 39. Qe2 e5 40. Bd5 Qb5 41. Qe4 Qb6 42. Qc2 Qb5 43. Qe4 Bb2 44. Qf3
Bd4 45. Be4 Qb6 46. Qe2 Qb5 47. Qc2 Kb8 48. Bf5 Qc6+ 49. Qxc6 bxc6 50. Kf3
Bb2 51. a4 Bc3 52. Ke4 Kc7 53. Be6 Kd6 54. Bc4 Bxb4 55. Bxa6 Bc5 56. f3 Bd4
57. Kf5 Kd5 58. Kg6 c5 59. Bb7+ Kc4 60. a5 Kb5 61. a6 c4 62. Kxh6 c3 63.
Be4 Kxa6 64. Kxg5 Kb5 65. h4 Kb4 66. h5 Kb3 67. h6 c2 68. Bxc2+ Kxc2 69. h7
e4 70. Kxf4 e3 71. Ke4 e2 72. Kxd4 e1=Q 73. g5 Qc3+ 74. Ke4 Qd3+ 75. Ke5
Qxh7 76. f4 Qg7+ 77. Ke6 Kd3 78. f5 Qxg5 79. f6 Qg8+ 80. Ke7 Qh7+ 81. f7
Kd4 82. Ke8 Qe4+ 83. Kf8 Kd5 84. Kg8 Qg6+ 85. Kh8 Qf6+ 86. Kg8 Qg5+ 87. Kh8
Qd8+ 88. Kg7 Qg5+ 89. Kh8 Qh6+ 90. Kg8 Qe6 91. Kg7 Qe7 92. Kg8 Qg5+ 93. Kh7
Qf6 94. Kg8 Qg6+ 95. Kh8 Qxf7 { White stalemated } 1/2-1/2

[Event "ICC tourney 2461 (45 10)"]
[Site "Internet Chess Club"]
[Date "2021.03.20"]
[Round "2"]
[White "TREUSDELL, ROSS G:IveDoneEnough"]
[Black "ZHANG, RAYMOND TANGNING:DankMemer"]
[Result "1-0"]
[ICCResult "Black checkmated"]
[WhiteElo "1564"]
[BlackElo "1654"]
[Opening "French: Tarrasch, open variation"]
[ECO "C07"]
[NIC "FR.18"]
[Time "13:31:39"]
[PlyCount "103"]
[TimeControl "2700+10"]

1. e4 e6 2. d4 d5 3. Nd2 c5 4. Bb5+ Nc6 5. exd5 Qxd5 6. Qf3 Qxf3 7. Ngxf3
Bd7 8. dxc5 Bxc5 9. Nb3 Bb6 10. O-O Nf6 11. Bg5 O-O-O 12. c3 Ne7 13. Bxd7+
Rxd7 14. Ne5 Rd5 15. Nxf7 Rf8 16. c4 Rd7 17. Ne5 Rc7 18. Rac1 a6 19. c5 Ba7
20. Nd4 Ned5 21. Nxe6 Re7 22. Nxf8 Rxe5 23. Bxf6 Nxf6 24. c6 Re8 25. Nd7
Nxd7 26. cxd7+ Kxd7 27. Rfd1+ Ke6 28. Re1+ Kf7 29. Rc7+ Kf8 30. Rxe8+ Kxe8
31. Rxg7 Bd4 32. Rxb7 h5 33. Kf1 h4 34. Rb4 Bf6 35. Rb6 Bd8 36. Rxa6 h3 37.
Ra8 hxg2+ 38. Kxg2 Ke7 39. Rxd8 Kxd8 40. h4 Ke7 41. a4 Kf6 42. a5 Kg6 43.
a6 Kh6 44. a7 Kh5 45. a8=Q Kg4 46. b4 Kf4 47. b5 Kg4 48. b6 Kf4 49. b7 Kg4
50. b8=Q Kh5 51. Qe5+ Kg4 52. Qg5# { Black checkmated } 1-0

[Event "ICC tourney 2461 (45 10)"]
[Site "Internet Chess Club"]
[Date "2021.03.20"]
[Round "2"]
[White "ZHANG, SUNNY:AboardBuffalo"]
[Black "VISHWA, SUSHEEL:sushivishwa"]
[Result "0-1"]
[ICCResult "White resigns"]
[WhiteElo "1650"]
[BlackElo "1750"]
[Opening "Ruy Lopez: 5.O-O"]
[ECO "C78"]
[NIC "RL.12"]
[Time "13:31:36"]
[PlyCount "64"]
[TimeControl "2700+10"]

1. e4 e5 2. Nf3 Nc6 3. Bb5 a6 4. Ba4 Nf6 5. O-O b5 6. Bb3 Bc5 7. c3 d6 8.
a4 Rb8 9. d4 Bb6 10. Be3 O-O 11. h3 Bb7 12. Nbd2 h6 13. Re1 Re8 14. d5 Ne7
15. Bxb6 cxb6 16. axb5 axb5 17. Qe2 Qd7 18. Ra7 Ng6 19. Nf1 Nf4 20. Qd2 Ra8
21. Rea1 Nxe4 22. Qc2 Nc5 23. Ne3 Rxa7 24. Rxa7 Ra8 25. Rxa8+ Bxa8 26. c4
bxc4 27. Bxc4 g6 28. Ng4 Kg7 29. Qc1 Bxd5 30. Nfxe5 dxe5 31. Nxe5 Qf5 32.
Bxd5 Ne2+ { White resigns } 0-1

[Event "ICC tourney 2461 (45 10)"]
[Site "Internet Chess Club"]
[Date "2021.03.20"]
[Round "2"]
[White "PRIYADARSHI, VED:ved2006"]
[Black "XIONG, LANG:langlglang"]
[Result "1-0"]
[ICCResult "Black resigns"]
[WhiteElo "1695"]
[BlackElo "1641"]
[Opening "Queen's pawn game"]
[ECO "D04"]
[NIC "QP.08"]
[Time "13:31:38"]
[PlyCount "71"]
[TimeControl "2700+10"]

1. d4 d5 2. Nf3 Nf6 3. e3 Bf5 4. c4 e6 5. Nc3 c6 6. Be2 Nbd7 7. h3 Rc8 8.
Nh4 Bg6 9. Nxg6 hxg6 10. Qb3 b6 11. Bd2 Bd6 12. cxd5 cxd5 13. Ba6 Rc6 14.
Qa4 Qa8 15. Nb5 Ne4 16. Nxd6+ Nxd6 17. Bb4 O-O 18. Bb5 Nxb5 19. Bxf8 Qxf8
20. Qxb5 Qc8 21. O-O Nf6 22. Qa4 Qc7 23. Qd1 Ne4 24. Rc1 Rc4 25. Rxc4 Qxc4
26. b3 Qb4 27. Qc2 g5 28. Qc8+ Kh7 29. Qc7 Qa3 30. Qxf7 Qxa2 31. Rc1 Nd6
32. Qxe6 Qd2 33. Rc6 g4 34. Rxd6 Qe1+ 35. Kh2 Qxf2 36. Qg6+ { Black resigns
} 1-0

[Event "ICC tourney 2461 (45 10)"]
[Site "Internet Chess Club"]
[Date "2021.03.20"]
[Round "2"]
[White "LIAO, CONNOR:che2468"]
[Black "ZHANG, FRED:Fredzhang"]
[Result "0-1"]
[ICCResult "White checkmated"]
[WhiteElo "1508"]
[BlackElo "1508"]
[Opening "Queen's pawn: Chigorin variation"]
[ECO "D00"]
[NIC "QP.08"]
[Time "13:31:58"]
[PlyCount "98"]
[TimeControl "2700+10"]

1. d4 d5 2. Nc3 Nf6 3. Bf4 e6 4. a3 Nh5 5. Bg3 Nxg3 6. hxg3 Nc6 7. e3 Bd6
8. Bd3 Bd7 9. Nge2 Qe7 10. Nf4 O-O-O 11. Qe2 f6 12. O-O-O g5 13. Nh5 f5 14.
g4 Qf7 15. gxf5 exf5 16. Qf3 Ne7 17. g4 Rdf8 18. gxf5 Bxf5 19. Nb5 Bxd3 20.
Nxd6+ cxd6 21. Qxf7 Rxf7 22. Rxd3 Rxf2 23. Rc3+ Kd7 24. Ng3 Nf5 25. Nh5 g4
26. Nf6+ Ke6 27. Nxg4 Rg2 28. Nh2 Ng3 29. Rf1 Ne2+ 30. Kd1 Nxc3+ 31. bxc3
Rxh2 32. Kc1 Rh3 33. Re1 Rc8 34. Kb2 h5 35. e4 Rhxc3 36. exd5+ Kxd5 37. Re2
Rxc2+ 38. Rxc2 Rxc2+ 39. Kxc2 h4 40. Kb3 h3 41. a4 h2 42. a5 h1=Q 43. a6
bxa6 44. Kc3 Qc1+ 45. Kb3 a5 46. Ka4 Qb2 47. Kxa5 Kc6 48. Ka4 d5 49. Ka5
Qa3# { White checkmated } 0-1

[Event "ICC tourney 2461 (45 10)"]
[Site "Internet Chess Club"]
[Date "2021.03.20"]
[Round "2"]
[White "Lu, Samuel:chess-soccer"]
[Black "WU, JONATHAN ZUANXU:wulovechess"]
[Result "1/2-1/2"]
[ICCResult "Game drawn by mutual agreement"]
[WhiteElo "1615"]
[BlackElo "1542"]
[Opening "Queen's pawn, Mason variation"]
[ECO "D00"]
[NIC "QP.08"]
[Time "13:31:57"]
[PlyCount "81"]
[TimeControl "2700+10"]

1. d4 d5 2. Bf4 Nf6 3. e3 Bf5 4. Bd3 Bg6 5. h3 Nc6 6. c3 e6 7. Nf3 Ne4 8.
Qc2 Bd6 9. Nbd2 Bxf4 10. exf4 Qf6 11. Nxe4 dxe4 12. Bxe4 Qxf4 13. Bxc6+
bxc6 14. Qe2 O-O 15. Ne5 Qe4 16. Qxe4 Bxe4 17. f3 Bd5 18. c4 f6 19. cxd5
fxe5 20. dxe5 cxd5 21. Rc1 Rac8 22. Rc6 Rf5 23. Rxe6 Kf7 24. Ra6 Rxe5+ 25.
Kf2 Rb8 26. b3 Rbe8 27. Rd1 Re2+ 28. Kf1 Rc2 29. Re1 Rxe1+ 30. Kxe1 Rxg2
31. Rxa7 Rc2 32. Kd1 Rc3 33. Ke2 Kf6 34. b4 Ke5 35. b5 Kf4 36. b6 cxb6 37.
Rf7+ Ke5 38. Rxg7 Rc2+ 39. Kd3 Rxa2 40. Rxh7 Ra3+ 41. Ke2 { Game drawn by
mutual agreement } 1/2-1/2